 Dungeon Sprint DCSS version 0.22.2-1-ge965b3a (webtiles) character file.

9400000 Fang the Conqueror (level 27, -7/341 HPs)
             Began as a Demonspawn Gladiator on Apr 3, 2019.
             Was the Champion of Makhleb.
             Killed by divine providence
             ... invoked by an observer
              (11 damage)
             ... in the Dungeon (Sprint VIII: "Arena of Blood").
             The game lasted 00:02:00 (94 turns).

Fang the Conqueror (Demonspawn Gladiator)             Turns: 94, Time: 00:02:00

Health: -7/341     AC: 11    Str: 24    XL:     27
Magic:  37/54      EV: 31    Int: 13    God:    Makhleb [******]
Gold:   0          SH:  0    Dex: 15    Spells: 80/80 levels left

rFire    . . .     SeeInvis .   l - +∞ Axe of Woe
rCold    . . .     Gourm    .   (shield currently unavailable)
rNeg     . . .     Faith    .   b - +0 leather armour
rPois    .         Spirit   .   c - +0 helmet
rElec    .         Reflect  .   (no cloak)
rCorr    .         Harm     .   (no gloves)
MR       ++...     NoTele   +   (boots unavailable)
Stlth    +++++++++.             (no amulet)
HPRegen  0.66/turn              (no ring)
MPRegen  0.34/turn              (no ring)

@: no status effects
A: talons 3, rugged brown scales 3, demonic guardian 3, robust 3, spiny 3
a: Minor Destruction, Lesser Servant of Makhleb, Major Destruction, Greater
Servant of Makhleb, Renounce Religion


You were in the Dungeon.
You worshipped Makhleb.
Makhleb was exalted by your worship.
You were not hungry.

You visited 1 branch

Inventory:

Hand Weapons
 a - a +0 war axe
 l - the +∞ Axe of Woe (weapon)
   (You found it in the Dungeon)
Missiles
 d - 3 throwing nets (quivered)
Armour
 b - a +0 leather armour (worn)
 c - a +0 helmet (worn)
Scrolls
 k - a scroll of blinking
Potions
 e - a potion of curing
 g - a potion of heal wounds
 h - a potion of haste
 i - 2 potions of magic
 j - a potion of berserk rage
Comestibles
 f - a ration


   Skills:
 O Level 27 Fighting
 O Level 27 Axes
 O Level 27 Throwing
 O Level 27 Armour
 O Level 27 Dodging
 O Level 27 Stealth
 O Level 27 Unarmed Combat
 O Level 27 Spellcasting
 O Level 27 Invocations


You had 80 spell levels left.
You didn't know any spells.
Your spell library was empty.

Dungeon Overview and Level Annotations

Branches:
Dungeon (1/1)

Altars:
Makhleb

Annotations:
D The Servant


Innate Abilities, Weirdness & Mutations

You have claws for feet.
You are completely covered in rugged brown scales. (AC +3, +7% HP)
A powerful demonic guardian rushes to your aid.
You are extremely robust. (+30% HP)
You are completely covered in sharp spines.


Message History

The bolt of fire hits you!
* * * LOW HITPOINT WARNING * * *
The meat berserker is engulfed in blazing flames.
You hear a shout! x5
The eight-headed meat hydra is engulfed in blazing flames.
The eight-headed meat hydra calls on the powers of darkness!
The eight-headed meat hydra convulses!
Your body is wracked with pain!
* * * LOW HITPOINT WARNING * * *
The meat berserker convulses!
The Servant convulses!
The eight-headed meat hydra convulses!
The Servant is engulfed in blazing flames.
The Servant hits you but does no damage.
The eight-headed meat hydra calls on the powers of darkness!
The eight-headed meat hydra convulses!
The Servant convulses!
The meat berserker convulses!
Your body is wracked with pain!
* * * LOW HITPOINT WARNING * * *
The eight-headed meat hydra convulses!
You hear a shout! x4; You feel something staring at you.
Something smites you!
You die...

###.....##.##.
.................
#..........#.#...
#................
#...............
..#..............
.........).......
......).)§D§.....
.....#)@§§§..#.
..o #§O§§§..#
...###§@W)...###.
.....§))###......
#...2...._.......
%.....#..)..#....
......#D.<._#....
...O..#.....# ..
#........_.....


You could see a meat beast, The Servant, 2 eight-headed meat hydras, a large bag
of meat (inner flame), a dread and a meat berserker (berserk).

Vanquished Creatures
  Sigmund (D)
  4 hell beasts (D)
  3 greater mummies (D)
  A great orb of eyes (D)
  A wraith (D)
  13 vampire knights (D)
  29 ogres (D)
  5 two-headed ogres (D)
  A lich (D)
  64 orcs (D)
  A phantom (D)
  5 skeletal warriors (D)
  7 large abominations (D)
  5 small abominations (D)
  15 crawling corpses (D)
155 creatures vanquished.

Vanquished Creatures (others)
  5 crawling corpses (D)
5 creatures vanquished.

Grand Total: 160 creatures vanquished

Notes
Turn   | Place    | Note
-------+----------+-------------------------------------------
     0 | D        | Found the +∞ Axe of Woe
     0 | D        | Fang the Demonspawn Gladiator began the quest for the Orb.
     0 | D        | Reached XP level 1. HP: 16/16 MP: 1/1
     2 | D        | Noticed a meat berserker
     2 | D        | Noticed a bag of meat
     4 | D        | Became a worshipper of Makhleb the Destroyer
     5 | D        | Killed a meat berserker
     5 | D        | Reached skill level 15 in Axes
     5 | D        | Reached skill level 15 in Throwing
     5 | D        | Reached skill level 15 in Dodging
     5 | D        | Gained mutation: You have sharp toenails. [demonic
                  | ancestry]
     5 | D        | Reached XP level 2. HP: 46/46 MP: 2/2
     5 | D        | Gained mutation: You are partially covered in rugged brown
                  | scales. (AC +1, +3% HP) [demonic ancestry]
     5 | D        | Reached XP level 3. HP: 46/53 MP: 3/3
     5 | D        | Gained mutation: A weak demonic guardian rushes to your
                  | aid. [demonic ancestry]
     5 | D        | Reached XP level 4. HP: 52/60 MP: 4/4
     5 | D        | Gained mutation: You are mostly covered in rugged brown
                  | scales. (AC +2, +5% HP) [demonic ancestry]
     5 | D        | Reached XP level 5. HP: 52/69 MP: 5/5
     5 | D        | Reached XP level 6. HP: 58/76 MP: 6/6
     5 | D        | Reached XP level 7. HP: 62/82 MP: 7/7
     5 | D        | Reached XP level 8. HP: 68/90 MP: 8/8
     5 | D        | Gained mutation: You have razor-sharp toenails. [demonic
                  | ancestry]
     5 | D        | Reached XP level 9. HP: 73/96 MP: 9/9
     5 | D        | Reached XP level 10. HP: 80/105 MP: 10/10
     5 | D        | Reached XP level 11. HP: 84/111 MP: 11/11
     5 | D        | Reached XP level 12. HP: 90/118 MP: 12/12
     5 | D        | Reached XP level 13. HP: 94/124 MP: 13/13
     6 | D        | Noticed a bag of meat
     7 | D        | Noticed a bag of meat
     8 | D        | Killed a bag of meat
     8 | D        | Reached * piety under Makhleb
     9 | D        | Noticed a meat berserker
    10 | D        | Noticed a bag of meat
    10 | D        | Noticed a meat berserker
    10 | D        | Noticed a meat berserker
    10 | D        | Noticed a meat berserker
    10 | D        | Noticed a large bag of meat
    10 | D        | Noticed a bag of meat
    11 | D        | Killed a bag of meat
    11 | D        | Gained mutation: You are partially covered in sharp spines.
                  | [demonic ancestry]
    11 | D        | Reached XP level 14. HP: 108/139 MP: 14/14
    11 | D        | Noticed a bag of meat
    12 | D        | Killed a bag of meat
    12 | D        | Killed a meat berserker
    12 | D        | Reached ** piety under Makhleb
    12 | D        | Reached XP level 15. HP: 119/153 MP: 15/15
    13 | D        | Killed a meat berserker
    13 | D        | Gained mutation: A demonic guardian rushes to your aid.
                  | [demonic ancestry]
    13 | D        | Reached XP level 16. HP: 99/164 MP: 16/16
    13 | D        | Killed a meat berserker
    13 | D        | Noticed a meat berserker
    14 | D        | Killed a meat berserker
    14 | D        | Reached *** piety under Makhleb
    14 | D        | Gained mutation: You are completely covered in rugged brown
                  | scales. (AC +3, +7% HP) [demonic ancestry]
    14 | D        | Reached XP level 17. HP: 172/182 MP: 17/17
    15 | D        | Noticed a large bag of meat
    16 | D        | Noticed a meat berserker
    16 | D        | Noticed a meat berserker
    17 | D        | Noticed a meat berserker
    17 | D        | HP: 8/185 [large bag of meat/+9 giant spiked club (65)]
    18 | D        | Reached skill level 27 in Fighting
    18 | D        | Killed a large bag of meat
    18 | D        | Reached **** piety under Makhleb
    18 | D        | Gained mutation: You have claws for feet. [demonic
                  | ancestry]
    18 | D        | Reached XP level 18. HP: 18/194 MP: 18/18
    18 | D        | Reached skill level 27 in Axes
    18 | D        | Reached skill level 27 in Throwing
    18 | D        | Reached skill level 27 in Dodging
    18 | D        | Reached skill level 5 in Armour
    18 | D        | Reached skill level 5 in Unarmed Combat
    18 | D        | Reached skill level 5 in Spellcasting
    19 | D        | Killed a meat berserker
    19 | D        | Reached skill level 15 in Invocations
    19 | D        | Reached XP level 19. HP: 67/202 MP: 18/34
    20 | D        | Killed a meat berserker
    20 | D        | Reached ***** piety under Makhleb
    20 | D        | Reached skill level 15 in Stealth
    20 | D        | Noticed a destroyer
    21 | D        | Reached skill level 15 in Armour
    21 | D        | Reached skill level 15 in Unarmed Combat
    21 | D        | Reached skill level 15 in Spellcasting
    22 | D        | Killed a meat berserker
    22 | D        | Reached XP level 20. HP: 180/210 MP: 18/40
    22 | D        | Killed a meat berserker
    22 | D        | Killed a destroyer
    23 | D        | Reached skill level 27 in Invocations
    23 | D        | Reached XP level 21. HP: 205/218 MP: 18/45
    25 | D        | Reached ****** piety under Makhleb
    26 | D        | Killed a large bag of meat
    26 | D        | Reached skill level 27 in Stealth
    26 | D        | Gained mutation: A powerful demonic guardian rushes to your
                  | aid. [demonic ancestry]
    26 | D        | Reached XP level 22. HP: 226/226 MP: 19/51
    26 | D        | Noticed a destroyer
    27 | D        | Reached skill level 27 in Armour
    27 | D        | Reached skill level 27 in Unarmed Combat
    27 | D        | Reached skill level 27 in Spellcasting
    27 | D        | Noticed a destroyer
    28 | D        | Noticed a large bag of meat
    28 | D        | Noticed a destroyer
    29 | D        | Gained mutation: You are mostly covered in sharp spines.
                  | [demonic ancestry]
    29 | D        | Reached XP level 23. HP: 234/234 MP: 20/54
    30 | D        | Killed a destroyer
    32 | D        | Noticed a destroyer
    32 | D        | Noticed a destroyer
    33 | D        | Killed a destroyer
    33 | D        | Gained mutation: You are completely covered in sharp
                  | spines. [demonic ancestry]
    33 | D        | Reached XP level 24. HP: 122/242 MP: 21/54
    34 | D        | Noticed a destroyer
    35 | D        | Killed a destroyer
    35 | D        | Killed a destroyer
    35 | D        | Gained mutation: You are robust. (+10% HP) [demonic
                  | ancestry]
    35 | D        | Reached XP level 25. HP: 242/273 MP: 21/54
    36 | D        | Killed a destroyer
    38 | D        | Killed a large bag of meat
    38 | D        | Killed a destroyer
    38 | D        | Gained mutation: You are very robust. (+20% HP) [demonic
                  | ancestry]
    38 | D        | Reached XP level 26. HP: 273/307 MP: 22/54
    41 | D        | Noticed a destroyer
    43 | D        | Noticed a destroyer
    44 | D        | Noticed a destroyer
    46 | D        | Killed a destroyer
    46 | D        | Noticed an accursed
    49 | D        | Noticed an accursed
    49 | D        | Noticed a destroyer
    50 | D        | Gained mutation: You are extremely robust. (+30% HP)
                  | [demonic ancestry]
    50 | D        | Reached XP level 27. HP: 307/341 MP: 25/54
    51 | D        | Noticed a tyrant
    53 | D        | Killed a destroyer
    54 | D        | Killed a destroyer
    58 | D        | Killed an accursed
    59 | D        | Killed an accursed
    62 | D        | Killed a tyrant
    63 | D        | Noticed a destroyer
    63 | D        | Noticed an accursed
    65 | D        | Killed a destroyer
    66 | D        | Noticed a destroyer
    69 | D        | Noticed a large bag of meat
    70 | D        | Noticed a meat beast
    70 | D        | Noticed a dread
    71 | D        | Killed a destroyer
    72 | D        | Noticed The Servant
    75 | D        | Killed a meat beast
    77 | D        | Killed a destroyer
    78 | D        | Killed a large bag of meat
    79 | D        | Killed an accursed
    79 | D        | Noticed a dread
    79 | D        | Noticed The Captor
    81 | D        | Killed a dread
    83 | D        | Noticed a large bag of meat
    85 | D        | Noticed a meat beast
    86 | D        | Killed The Captor
    86 | D        | Noticed a meat beast
    87 | D        | Noticed a meat beast
    89 | D        | Killed a meat beast
    90 | D        | Killed a meat beast
    90 | D        | Killed a large bag of meat
    93 | D        | Killed a meat beast
    93 | D        | Noticed a meat beast
    93 | D        | Noticed a large bag of meat
    94 | D        | HP: 10/341 [something/bolt of fire (88)]
    94 | D        | HP: 4/341 [??? (2)]
    94 | D        | Killed from afar by an observer

Skill      XL: |  1  2  3  4  5  6  7  8  9 10 11 12 13 14 15 16 17 18 19 20 21 22 |
---------------+-------------------------------------------------------------------+-----
Fighting       | 16 19 22 23 26 27 | 27.0
Axes           | 15 18 20 22 24 26 27 | 27.0
Throwing       | 15 18 20 22 24 26 27 | 27.0
Dodging        | 15 18 20 22 24 26 27 | 27.0
Armour         | 11 16 20 25 27 | 27.0
Stealth        | 12 18 22 27 | 27.0
Unarmed Combat | 11 16 20 25 27 | 27.0
Spellcasting   | 11 16 20 25 27 | 27.0
Invocations    | 15 22 27 | 27.0

Action                   |  1- 3 |  4- 6 |  7- 9 | 10-12 | 13-15 | 16-18 | 19-21 | 22-24 | 25-27 || total
-------------------------+-------+-------+-------+-------+-------+-------+-------+-------+-------++-------
Melee: Executioner's axe |     1 |       |       |       |     4 |     4 |     7 |     8 |    47 ||    71
 Stab: Distracted        |       |       |       |       |       |     1 |       |       |       ||     1
Armor: Leather armour    |       |       |       |       |       |       |       |     1 |     4 ||     5
Dodge: Dodged            |       |       |       |       |       |       |       |       |     6 ||     6
